PL
VANCOUVER GREY WOLVES @ D.C. DIVIDED
04/22/2034
 
TOP OF THE 1ST
Vancouver Grey Wolves batting - Pitching for D.C. Divided : LHP Domingo Montémayor
Pitching: LHP Domingo Montémayor
Batting: RHB Sixto Estrada 0-0: Foul Ball, location: 2F
0-1: Foul Ball, location: 2F
0-2: Ball
1-2: Strikes out swinging
Batting: RHB Iván Vega 0-0: DOUBLE (Line Drive, 78D)
Batting: RHB Hugh Mungus 0-0: DOUBLE (Groundball, 5L)
Iván Vega scores
Batting: LHB Preston Witt 0-0: Ball
1-0: Swinging Strike
1-1: Ball
2-1: Swinging Strike
2-2: Fly out, F4 (Line Drive, 4)
Batting: RHB José Jarca 0-0: Called Strike
0-1: Ball
1-1: Foul Ball, location: 2F
1-2: Ball
2-2: Ball
3-2: Foul Ball, location: 2F
3-2: Foul Ball, location: 2F
3-2: Fly out, F9 (Flyball, 89M)
Top of the 1st over - 1 run, 2 hits, 0 errors, 1 left on base; Vancouver 1 - D.C. 0
BOTTOM OF THE 1ST
D.C. Divided batting - Pitching for Vancouver Grey Wolves : RHP Ray Skipworth
Pitching: RHP Ray Skipworth
Batting: RHB Sherman N'Dir 0-0: Ball
1-0: Called Strike
1-1: Ball
2-1: DOUBLE (Flyball, 8LD)
Batting: RHB José Torres 0-0: Ground out 1-3 (Groundball, 15)
Batting: RHB Amon-Ra St. Brown 0-0: Ball
Sherman N'Dir is caught stealing 3rd base
1-0: Swinging Strike
1-1: Swinging Strike
1-2: Ball
2-2: SINGLE (Line Drive, 89M)
Batting: LHB Obidiah Lewis 0-0: Ball
1-0: Fly out, F8 (Flyball, 8LD)
Bottom of the 1st over - 0 runs, 2 hits, 0 errors, 1 left on base; Vancouver 1 - D.C. 0
TOP OF THE 2ND
Vancouver Grey Wolves batting - Pitching for D.C. Divided : LHP Domingo Montémayor
Batting: LHB Michael Malloy 0-0: Fly out, F5 (Popup, 5SF)
Batting: RHB Ángelo Delgado 0-0: Ball
1-0: Ball
2-0: Foul Ball, location: 2F
2-1: Ball
3-1: Swinging Strike
3-2: Base on Balls
Batting: RHB Alberto Salas 0-0: Called Strike
0-1: Called Strike
0-2: Ball
1-2: Ball
2-2: Ball
3-2: Base on Balls
Ángelo Delgado to second
Batting: RHB Wilson Vega 0-0: Swinging Strike
0-1: Called Strike
0-2: Ball
1-2: Ball
2-2: Ball
3-2: Base on Balls
Ángelo Delgado to third
Alberto Salas to second
Batting: RHB Sixto Estrada 0-0: Called Strike
0-1: Ball
1-1: Ball
2-1: Foul Ball, location: 2F
2-2: DOUBLE (Flyball, 8RD)
Ángelo Delgado scores
Alberto Salas scores
Wilson Vega to third
Batting: RHB Iván Vega 0-0: Ball
1-0: Swinging Strike
1-1: Ball
2-1: Ball
3-1: Fly out, F6 (Line Drive, 56)
Batting: RHB Hugh Mungus 0-0: Ball
1-0: Foul Ball, location: 2F
1-1: Ball
2-1: Fly out, F7 (Flyball, 78D)
Top of the 2nd over - 2 runs, 1 hit, 0 errors, 2 left on base; Vancouver 3 - D.C. 0
BOTTOM OF THE 2ND
D.C. Divided batting - Pitching for Vancouver Grey Wolves : RHP Ray Skipworth
Batting: RHB Nick Boyd 0-0: Called Strike
0-1: Ball
1-1: Swinging Strike
1-2: Foul Ball, location: 2F
1-2: Ball
2-2: Strikes out swinging
Batting: RHB Chad Silander 0-0: Ball
1-0: Fly out, F9 (Flyball, 9)
Batting: RHB Brant Thigpen 0-0: Ball
1-0: Called Strike
1-1: Ball
2-1: SINGLE (Groundball, 34D)
Batting: LHB Ryan Marken 0-0: SINGLE (Line Drive, 7S)
Brant Thigpen to second
Batting: RHB Mike Lipide 0-0: Ball
1-0: SINGLE (Line Drive, 5L)
Brant Thigpen to third
Ryan Marken to second
Batting: RHB Sherman N'Dir 0-0: Called Strike
0-1: Foul Ball, location: 2F
0-2: SINGLE (Groundball, 6MD)
Brant Thigpen scores
Ryan Marken to third
Mike Lipide to second
Runner from 3rd tries for Home, SAFE, no throw
Batting: RHB José Torres 0-0: Foul Ball, location: 2F
0-1: Ball
1-1: Fielders Choice at 2nd, 6-4 (Groundball, 6)
Bottom of the 2nd over - 2 runs, 4 hits, 0 errors, 2 left on base; Vancouver 3 - D.C. 2
TOP OF THE 3RD
Vancouver Grey Wolves batting - Pitching for D.C. Divided : LHP Domingo Montémayor
Batting: LHB Preston Witt 0-0: Called Strike
0-1: Ball
1-1: Foul Ball, location: 2F
1-2: Foul Ball, location: 2F
1-2: Ball
2-2: Foul Ball, location: 2F
2-2: Ball
3-2: SINGLE (Groundball, 3D)
Batting: RHB José Jarca 0-0: Called Strike
0-1: Ball
1-1: Foul Ball, location: 2F
1-2: Foul Ball, location: 2F
1-2: Strikes out swinging
Batting: LHB Michael Malloy 0-0: Swinging Strike
0-1: Ball
1-1: Ball
2-1: Fly out, F6 (Popup, 56D)
Batting: RHB Ángelo Delgado 0-0: Swinging Strike
0-1: Ball
1-1: Ball
2-1: Called Strike
2-2: Strikes out looking
Top of the 3rd over - 0 runs, 1 hit, 0 errors, 1 left on base; Vancouver 3 - D.C. 2
BOTTOM OF THE 3RD
D.C. Divided batting - Pitching for Vancouver Grey Wolves : RHP Ray Skipworth
Batting: RHB Amon-Ra St. Brown 0-0: Ball
1-0: DOUBLE (Line Drive, 89XD)
Batting: LHB Obidiah Lewis 0-0: Called Strike
0-1: Ball
1-1: Called Strike
1-2: Ball
2-2: Ball
3-2: Strikes out swinging
Batting: RHB Nick Boyd 0-0: Ball
Amon-Ra St. Brown steals 3rd base
1-0: Called Strike
1-1: SINGLE (Line Drive, 34D)
Amon-Ra St. Brown scores
Batting: RHB Chad Silander 0-0: Called Strike
0-1: Swinging Strike
0-2: Foul Ball, location: 2F
0-2: Ball
1-2: Grounds into double play, 6-4-3 (Groundball, 6M)
Bottom of the 3rd over - 1 run, 2 hits, 0 errors, 0 left on base; Vancouver 3 - D.C. 3
TOP OF THE 4TH
Vancouver Grey Wolves batting - Pitching for D.C. Divided : LHP Domingo Montémayor
Batting: RHB Alberto Salas 0-0: SINGLE (Groundball, 6MD)
Batting: RHB Wilson Vega 0-0: Called Strike
0-1: Ball
1-1: Ball
2-1: Fly out, F1 (Line Drive, 13S)
Batting: RHB Sixto Estrada 0-0: Ball
1-0: Called Strike
1-1: Foul Ball, location: 2F
1-2: Ball
2-2: Ball
3-2: Foul Ball, location: 2F
3-2: SINGLE (Line Drive, 34)
Alberto Salas to second
Batting: RHB Iván Vega 0-0: Called Strike
0-1: Grounds into double play, 5-4-3 (Groundball, 5)
Top of the 4th over - 0 runs, 2 hits, 0 errors, 1 left on base; Vancouver 3 - D.C. 3
BOTTOM OF THE 4TH
D.C. Divided batting - Pitching for Vancouver Grey Wolves : RHP Ray Skipworth
Batting: RHB Brant Thigpen 0-0: Foul Ball, location: 2F
0-1: SINGLE (Line Drive, 4M)
Batting: LHB Ryan Marken 0-0: Ball
1-0: Called Strike
1-1: Ball
2-1: Foul Ball, location: 2F
2-2: Fly out, F5 (Popup, 5SF)
Batting: RHB Mike Lipide 0-0: Ball
1-0: Called Strike
1-1: Swinging Strike
1-2: Strikes out swinging
Batting: RHB Sherman N'Dir 0-0: Called Strike
0-1: Swinging Strike
0-2: Foul Ball, location: 2F
0-2: Strikes out swinging
Bottom of the 4th over - 0 runs, 1 hit, 0 errors, 1 left on base; Vancouver 3 - D.C. 3
TOP OF THE 5TH
Vancouver Grey Wolves batting - Pitching for D.C. Divided : LHP Domingo Montémayor
Pitching: LHP Juan Vargas
Batting: RHB Hugh Mungus 0-0: SINGLE (Groundball, 56D)
Batting: LHB Preston Witt 0-0: Foul Ball, location: 2F
0-1: Ball
1-1: Ball
2-1: Swinging Strike
2-2: Ball
3-2: Hit by Pitch
Hugh Mungus to second
Batting: RHB José Jarca 0-0: Ball
1-0: Swinging Strike
1-1: Foul Ball, location: 2F
1-2: Ball
2-2: Foul Ball, location: 2F
2-2: Foul Ball, location: 2F
2-2: Ball
3-2: Fly out, F7 (Flyball, 7S)
Batting: LHB Michael Malloy 0-0: Called Strike
0-1: Swinging Strike
Passed Ball!
Hugh Mungus to third
Preston Witt to second
0-2: Ball
1-2: Reached on error, E8 (Flyball, 8LM)
Hugh Mungus scores
Preston Witt to third
Batting: RHB Ángelo Delgado 0-0: Ball
1-0: Swinging Strike
1-1: Called Strike
1-2: Strikes out swinging
Batting: RHB Alberto Salas 0-0: Called Strike
0-1: Ball
1-1: Ball
2-1: Foul Ball, location: 2F
2-2: Foul Ball, location: 2F
2-2: Ball
3-2: Base on Balls
Michael Malloy to second
Batting: RHB Wilson Vega 0-0: Ball
1-0: Ball
2-0: Foul Ball, location: 2F
2-1: Ball
3-1: Foul Ball, location: 2F
3-2: Base on Balls
Preston Witt scores
Michael Malloy to third
Alberto Salas to second
Pinch Hitting: RHB Gabriel Hernández 0-0: Foul Ball, location: 2F
0-1: Called Strike
0-2: Ball
1-2: Ball
2-2: Strikes out swinging
Top of the 5th over - 2 runs, 1 hit, 1 error, 3 left on base; Vancouver 5 - D.C. 3
BOTTOM OF THE 5TH
D.C. Divided batting - Pitching for Vancouver Grey Wolves : RHP Ray Skipworth
Pitching: LHP Sergio Vargas
Now at 2B: Gabriel Hernández
Batting: RHB José Torres 0-0: Ball
1-0: Ball
2-0: Ball
3-0: Base on Balls
Batting: RHB Amon-Ra St. Brown 0-0: Ball
1-0: Swinging Strike
1-1: Ball
2-1: Foul Ball, location: 2F
2-2: Ground out 5-3 (Groundball, 56S)
José Torres to second
Batting: LHB Obidiah Lewis 0-0: Called Strike
0-1: Ball
1-1: Foul Ball, location: 2F
1-2: Foul Ball, location: 2F
1-2: SINGLE (Line Drive, 9S)
José Torres to third
Batting: RHB Nick Boyd 0-0: Ball
1-0: Foul Ball, location: 2F
1-1: Called Strike
1-2: Fielders Choice at 2nd, 4-6 (Groundball, 4MD)
José Torres scores
Batting: RHB Chad Silander 0-0: Called Strike
0-1: Ball
1-1: Called Strike
1-2: Ball
2-2: Fly out, F3 (Line Drive, 34)
Bottom of the 5th over - 1 run, 1 hit, 0 errors, 1 left on base; Vancouver 5 - D.C. 4
TOP OF THE 6TH
Vancouver Grey Wolves batting - Pitching for D.C. Divided : LHP Juan Vargas
Batting: RHB Iván Vega 0-0: Ball
1-0: Ball
2-0: Ball
3-0: Base on Balls
Batting: RHB Hugh Mungus 0-0: Ball
1-0: Ball
2-0: Ball
3-0: Called Strike
3-1: Called Strike
3-2: Foul Ball, location: 2F
3-2: Foul Ball, location: 2F
3-2: Foul Ball, location: 2F
3-2: Base on Balls
Iván Vega to second
Pitching: RHP Brewster Warble
Batting: LHB Preston Witt 0-0: Foul Ball, location: 2F
0-1: Grounds into double play, 3-6-4 (Groundball, 34)
Iván Vega to third
Batting: RHB José Jarca 0-0: Ball
1-0: Called Strike
1-1: Fly out, F5 (Popup, 5SF)
Top of the 6th over - 0 runs, 0 hits, 0 errors, 1 left on base; Vancouver 5 - D.C. 4
BOTTOM OF THE 6TH
D.C. Divided batting - Pitching for Vancouver Grey Wolves : RHP Héctor Pérez
Pitching: RHP Héctor Pérez
Batting: RHB Brant Thigpen 0-0: Called Strike
0-1: Swinging Strike
0-2: Strikes out swinging
Batting: LHB Ryan Marken 0-0: Foul Ball, location: 2F
0-1: Ground out 5-3 (Groundball, 56)
Batting: RHB Mike Lipide 0-0: Ball
1-0: Ball
2-0: Called Strike
2-1: Ball
3-1: Base on Balls
Pinch Hitting: RHB Wilbur Davis 0-0: Called Strike
0-1: Ball
1-1: SINGLE (Flyball, 78S)
Mike Lipide to second
Runner from 2nd tries for 3rd, OUT!
Bottom of the 6th over - 0 runs, 1 hit, 0 errors, 1 left on base; Vancouver 5 - D.C. 4
TOP OF THE 7TH
Vancouver Grey Wolves batting - Pitching for D.C. Divided : RHP Brewster Warble
Now in RF: Wilbur Davis
Batting: LHB Michael Malloy 0-0: Ball
1-0: Foul Ball, location: 2F
1-1: Foul Ball, location: 2F
1-2: Ball
2-2: Ball
3-2: Ground out 4-3 (Groundball, 4M)
Batting: RHB Ángelo Delgado 0-0: Ball
1-0: SINGLE (Line Drive, 56D)
Pinch Hitting: RHB Urs van Munster 0-0: Ball
1-0: Called Strike
1-1: Ball
2-1: Ball
3-1: Foul Ball, location: 2F
3-2: Fly out, F9 (Flyball, 89D)
Pinch Hitting: LHB Johan Kroening 0-0: Foul Ball, location: 2F
0-1: Swinging Strike
0-2: Ball
1-2: Foul Ball, location: 2F
1-2: Strikes out looking
Top of the 7th over - 0 runs, 1 hit, 0 errors, 1 left on base; Vancouver 5 - D.C. 4
BOTTOM OF THE 7TH
D.C. Divided batting - Pitching for Vancouver Grey Wolves : RHP Héctor Pérez
Now at SS: Dhyana Snigdha
Now in CF: Johan Kroening
Pinch Hitting: RHB Arturo Rodríguez 0-0: Swinging Strike
0-1: Foul Ball, location: 2F
0-2: Ball
1-2: Ground out 6-3 (Groundball, 6)
Batting: RHB Ken Bone 0-0: Foul Ball, location: 2F
0-1: Foul Ball, location: 2F
0-2: Ground out 1-3 (Groundball, 13)
Pinch Hitting: RHB Júlio Rodríguez 0-0: Called Strike
0-1: Ball
1-1: Foul Ball, location: 2F
1-2: Strikes out swinging
Bottom of the 7th over - 0 runs, 0 hits, 0 errors, 0 left on base; Vancouver 5 - D.C. 4
TOP OF THE 8TH
Vancouver Grey Wolves batting - Pitching for D.C. Divided : RHP Brewster Warble
Now at 1B: Yao-pang Chiang
Now at SS: Júlio Rodríguez
Batting: RHB Gabriel Hernández 0-0: Called Strike
0-1: Swinging Strike
0-2: Foul Ball, location: 2F
0-2: Ball
1-2: Foul Ball, location: 2F
1-2: Strikes out swinging
Batting: RHB Iván Vega 0-0: Foul Ball, location: 2F
0-1: Ball
1-1: Called Strike
1-2: Foul Ball, location: 2F
1-2: Ball
2-2: Strikes out swinging
Batting: RHB Hugh Mungus 0-0: Called Strike
0-1: Foul Ball, location: 2F
0-2: Ball
1-2: Strikes out swinging
Top of the 8th over - 0 runs, 0 hits, 0 errors, 0 left on base; Vancouver 5 - D.C. 4
BOTTOM OF THE 8TH
D.C. Divided batting - Pitching for Vancouver Grey Wolves : RHP Héctor Pérez
Pitching: RHP Kent Clement
Pinch Hitting: RHB Tony Romero 0-0: Ground out 6-3 (Groundball, 6)
Batting: RHB Chad Silander 0-0: Ball
1-0: Ball
2-0: Called Strike
2-1: Ball
3-1: Base on Balls
Batting: RHB Brant Thigpen 0-0: Foul Ball, location: 2F
0-1: Hit by Pitch
Chad Silander to second
Pinch Runner at 1st Daryl Yandell:
Batting: LHB Ryan Marken 0-0: Ball
1-0: Foul Ball, location: 2F
1-1: Ball
2-1: Bunted foul
2-2: Ground out 4-3 (Groundball, 34D)
Chad Silander to third
Daryl Yandell to second
Batting: RHB Mike Lipide 0-0: Ground out 6-3 (Groundball, 56)
Bottom of the 8th over - 0 runs, 0 hits, 0 errors, 2 left on base; Vancouver 5 - D.C. 4
TOP OF THE 9TH
Vancouver Grey Wolves batting - Pitching for D.C. Divided : RHP Brewster Warble
Now at C: Daryl Yandell
Now at 2B: Tony Romero
Batting: LHB Preston Witt 0-0: Ball
1-0: Ball
2-0: Called Strike
2-1: Swinging Strike
2-2: Strikes out looking
Batting: RHB José Jarca 0-0: Ball
1-0: Foul Ball, location: 2F
1-1: Ball
2-1: Foul Ball, location: 2F
2-2: Ball
3-2: Base on Balls
Batting: LHB Michael Malloy 0-0: Ball
1-0: Ball
José Jarca steals 2nd base
2-0: Intentional Walk
Pinch Hitting: LHB Xuan-ling Chen 0-0: Ball
1-0: Ball
2-0: Called Strike
2-1: Foul Ball, location: 2F
2-2: Foul Ball, location: 2F
2-2: Strikes out swinging
Pinch Hitting: LHB Michael Ward 0-0: Swinging Strike
0-1: Foul Ball, location: 2F
0-2: Ball
1-2: Strikes out swinging
Top of the 9th over - 0 runs, 0 hits, 0 errors, 2 left on base; Vancouver 5 - D.C. 4
BOTTOM OF THE 9TH
D.C. Divided batting - Pitching for Vancouver Grey Wolves : RHP Kent Clement
Now at C: Joe Phillips
Now at SS: Gerardo Ponce de Leon
Batting: RHB Wilbur Davis 0-0: Called Strike
0-1: Foul Ball, location: 2F
0-2: Strikes out looking
Batting: LHB Yao-pang Chiang 0-0: SOLO HOME RUN (Flyball, 9D), Distance : 439 ft
Batting: RHB Ken Bone 0-0: Foul Ball, location: 2F
0-1: Foul Ball, location: 2F
0-2: Ball
1-2: Strikes out looking
Batting: RHB Júlio Rodríguez 0-0: Called Strike
0-1: Called Strike
0-2: Ball
1-2: Ball
2-2: Foul Ball, location: 2F
2-2: SINGLE (Line Drive, 78S)
Pitching: RHP Juan Deliz
Batting: RHB Tony Romero 0-0: Ball
1-0: Foul Ball, location: 2F
1-1: Fielders Choice at 2nd, 6-4 (Groundball, 6)
Bottom of the 9th over - 1 run, 2 hits, 0 errors, 1 left on base; Vancouver 5 - D.C. 5
TOP OF THE 10TH
Vancouver Grey Wolves batting - Pitching for D.C. Divided : RHP Brewster Warble
Pitching: RHP Roberto Silva
Batting: LHB Johan Kroening 0-0: Foul Ball, location: 2F
0-1: Called Strike
0-2: Strikes out swinging
Batting: RHB Gabriel Hernández 0-0: Ground out 6-3 (Groundball, 56)
Batting: RHB Iván Vega 0-0: Called Strike
0-1: Foul Ball, location: 2F
0-2: Ball
1-2: Strikes out swinging
Top of the 10th over - 0 runs, 0 hits, 0 errors, 0 left on base; Vancouver 5 - D.C. 5
BOTTOM OF THE 10TH
D.C. Divided batting - Pitching for Vancouver Grey Wolves : RHP Juan Deliz
Batting: RHB Chad Silander 0-0: Ball
1-0: Ball
2-0: Foul Ball, location: 2F
2-1: Ball
3-1: Called Strike
3-2: Base on Balls
Batting: RHB Daryl Yandell 0-0: Called Strike
0-1: Foul Ball, location: 2F
0-2: DOUBLE (Line Drive, 9LS)
Chad Silander to third
Runner from 3rd tries for Home, SAFE, no throw
Friday, March 29th, 2019 - OOTP Baseball 18.8 Build 76